 Dungeon Crawl Stone Soup version 0.24.0-125-gc4c63601f3 (webtiles) character file.

Game seed: 12178255166785379770, levelgen mode: deterministic

47282 Jerry the Carver (level 14, -12/145 HPs)
             Began as a Naga Fighter on Feb 20, 2020.
             Was an Initiate of Gozag.
             Mangled by a catoblepas (23 damage)
             ... on level 2 of the Lair of Beasts on Feb 25, 2020.
             The game lasted 02:39:01 (25074 turns).

Jerry the Carver (Naga Fighter)                    Turns: 25074, Time: 02:39:02

Health: -12/145    AC: 27    Str: 21      XL:     14   Next: 41%
Magic:  0/14       EV: 10    Int: 13 (14) God:    Gozag
Gold:   1527       SH: 12    Dex: 10      Spells: 13/13 levels left

rFire    + + .     SeeInvis +   e - +4 long sword
rCold    + . .     Gourm    .   c - +0 shield
rNeg     . . .     Faith    .   g - +2 leather armour {rC+}
rPois    +         Spirit   +   H - +3 helmet of Matuuno {rElec Int+5 Dex-3 Stlth+}
rElec    +         Reflect  .   E - +2 cloak of the Moon {rF+ SInv Stlth+}
rCorr    .         Harm     .   (no gloves)
MR       +....                  j - +2 naga barding {Fly}
Stlth    ++++++....             G - amulet of guardian spirit
HPRegen  0.34/turn              r - +3 ring of protection
MPRegen  0.14/turn              d - ring of protection from fire

@: very slow
A: large, see invisible, blink, deformed body, deterioration 1, poison
resistance, robust 1, slowness 2, slow metabolism 1, spit poison 1, constrict 1,
AC +4
a: Spit Poison, Blink, Potion Petition, Call Merchant, Bribe Branch, Renounce
Religion, Evoke Flight


You were on level 2 of the Lair of Beasts.
You worshipped Gozag.
Gozag was most pleased with you.
You were not hungry.

You visited 4 branches of the dungeon, and saw 17 of its levels.
You also visited: Bailey and Gauntlet.

You collected 4107 gold pieces.
You spent 503 gold pieces at shops.
You paid 2077 gold pieces to Gozag.

Inventory:

Hand Weapons
 e - a +4 long sword (weapon)
 n - a +1 scimitar of holy wrath
 s - a +0 demon whip of draining
 u - a +2 hunting sling of flaming
 w - a +1 dagger of speed
Missiles
 A - 68 sling bullets
Armour
 c - a +0 shield (worn)
 g - a +2 leather armour of cold resistance (worn)
 j - a +2 naga barding of flying (worn)
 v - a +2 cloak of magic resistance
 E - the +2 cloak of the Moon (worn) {rF+ SInv Stlth+}
   (You found it in a Gauntlet)

   It protects you from fire.
   It lets you see invisible.
   It makes you more stealthy.
 H - the +3 helmet of Matuuno (worn) {rElec Int+5 Dex-3 Stlth+}
   (You found it in a Gauntlet)

   It affects your intelligence (+5).
   It affects your dexterity (-3).
   It insulates you from electricity.
   It makes you more stealthy.
 M - the +7 crystal plate armour "Linup" {rF+ Dex+2}
   (You found it in a Gauntlet)

   It affects your dexterity (+2).
   It protects you from fire.
Jewellery
 d - a ring of protection from fire (right hand)
 r - a +3 ring of protection (left hand)
 G - an amulet of guardian spirit (around neck)
 I - the ring of Laodgh {Ice rPois MR+ Str+4 Dex-5}
   (You took it off a minotaur in a Gauntlet)

   [ring of ice]

   It enhances your ice magic.
   It affects your strength (+4).
   It affects your dexterity (-5).
   It makes you vulnerable to fire.
   It protects you from cold.
   It protects you from poison.
   It affects your resistance to hostile enchantments.
 K - an uncursed ring of wizardry
Wands
 k - a wand of flame (24)
 l - a wand of paralysis (18)
 q - a wand of random effects (36)
 t - a wand of polymorph (11)
 J - a wand of iceblast (10)
 L - a wand of enslavement (9)
Scrolls
 h - 3 scrolls of fog
 i - 2 scrolls of teleportation
 m - a scroll of amnesia
 o - a scroll of blinking
 p - 3 scrolls of identify
 C - a scroll of enchant weapon
 D - 2 scrolls of remove curse
 O - a scroll of magic mapping
Potions
 a - a potion of resistance
 b - 14 potions of curing
 z - a potion of magic
 B - a potion of cancellation
 F - a potion of ambrosia
 P - a potion of flight
 R - a potion of agility
 S - a potion of heal wounds
Miscellaneous
 x - a box of beasts
 y - a crystal ball of energy
 N - a sack of spiders
Comestibles
 f - 23 rations


   Skills:
 - Level 10.0 Fighting
 * Level 14.2 Long Blades
 - Level 7.0 Armour
 + Level 7.0 Dodging
 - Level 11.3 Stealth
 - Level 10.4 Shields


You had 13 spell levels left.
You didn't know any spells.
Your spell library contained the following spells:

 Spells                   Type           Power        Failure   Level  Hunger
 Magic Dart               Conj           #...         34%         1    ##.....
 Searing Ray              Conj           #.....       47%         2    ###....
 Dazzling Spray           Conj/Hex       #.....       71%         3    ####...
 Force Lance              Conj/Tloc      #.......     98%         4    #####..
 Fulminant Prism          Conj/Hex       #.........   98%         4    #####..
 Iskenderun's Mystic Bla  Conj           #.......     98%         4    #####..
 Summon Lightning Spire   Summ/Air       #.......     98%         4    #####..
 Silence                  Hex/Air        #.........   100%        5    ######.
 Conjure Ball Lightning   Conj/Air       #.........   100%        6    #######
 Deflect Missiles         Chrm/Air       #.........   100%        6    #######
 Tornado                  Air            #.........   100%        9    #######


Dungeon Overview and Level Annotations

Branches:
Dungeon (13/15)            Temple (1/1) D:7            Lair (2/6) D:11
 Spider (0/4) Lair:2          Orc (1/2) D:10         Bailey (visited)
Gauntlet (visited)
  Swamp: Lair:2-4    Shoals: Lair:2-4    Vaults: D:13-14

Altars:
Ashenzari
Cheibriados
Dithmenos
Elyvilon
Fedhas
Gozag
Hepliaklqana
Kikubaaqudgha
Makhleb
Nemelex Xobeh
Okawaru
Qazlal
Ru
Sif Muna
Trog
Uskayaw
Vehumet
Wu Jian
Xom
Yredelemnul
Zin
The Shining One
Beogh

Shops:
D:4 (%   D:10 (   D:12 }}%?=   Orc:1 *   Lair:1 (

Annotations:
D:8 2 runed translucent doors, Voldus's ghost, novice DDFi


Innate Abilities, Weirdness & Mutations

You cannot wear boots.
Your serpentine skin is tough. (AC +4)
You have supernaturally acute eyesight. (SInv)
Armour fits poorly on your strangely shaped body.
Your system is resistant to poisons. (rPois)
You cover ground very slowly.
You have a slow metabolism.
You can spit poison.
You can use your snake-like lower body to constrict enemies.
You can translocate small distances at will.
Your body sometimes deteriorates upon taking damage.
You are robust. (+10% HP)


Message History

You hit the catoblepas.
The catoblepas is heavily wounded.
The catoblepas gores you!
* * * LOW HITPOINT WARNING * * *
You hit the catoblepas.
The catoblepas is heavily wounded.
You hit the catoblepas.
The catoblepas is heavily wounded.
The catoblepas breathes a plume of calcifying dust at you.
The blast of calcifying dust hits you but does no damage.
The catoblepas misses you.
You riposte.
You slash the catoblepas!
The catoblepas is severely wounded.
You hit the catoblepas.
The catoblepas is severely wounded.
The catoblepas gores you but does no damage.
You slash the catoblepas!
The catoblepas is almost dead.
The catoblepas gores you!!
You die...
Your body crumbles into a pile of gold.

#....... ..........
##...................
#....................
#P...................
#.....#..# .#........
#...#..... ..#.....##
###..#...[.Y.........#
#...Y.####.#.##.....##
###.§@...........)...#
#.§...............P#
#.§................#
#.§.................
#.##..#####.###....#
### ### # ######


You could see a catoblepas.

Vanquished Creatures
  An orc warlord (Bailey)
  A minotaur (Gauntlet)
  A dire elephant (Lair:2)
  2 hydras
  A death knight (D:6)
  4 two-headed ogres
  An ogre mage (D:13)
  An orc high priest (Orc:1)
  An unseen horror (D:11)
  2 cyclopes
  3 oklob plants (Lair:1)
  An orc sorcerer (Orc:1)
  4 ugly things
  A worldbinder (Gauntlet)
  13 elephants (Lair:2)
  An ice statue (Gauntlet)
  2 black mambas (Lair:2)
  A gargoyle (D:13)
  A spiny frog (Lair:1)
  3 komodo dragons
  2 trolls (D:10)
  A tengu conjurer (D:10)
  6 jumping spiders (Lair:2)
  A tyrant leech (Lair:2)
  A hornet (D:8)
  Grinder (D:5)
  3 slime creatures (D:12)
  7 hippogriffs
  Sigmund (D:2)
  4 redbacks (Lair:2)
  A spriggan (Lair:2)
  13 flying skulls (Gauntlet)
  2 vampires (D:12)
  A wraith (D:8)
  2 wyverns
  25 yaks
  5 hungry ghosts
  Menkaure (D:4)
  A warg (D:10)
  6 water moccasins
  23 orc warriors
  5 porcupines
  A black bear (D:11)
  4 phantoms
  2 ice beasts
  2 boggarts (Gauntlet)
  3 sky beasts
  An eye of draining (D:12)
  7 ogres
  4 crocodiles
  10 centaurs
  2 big kobolds
  A wyvern zombie (D:10)
  12 bullfrogs
  A wyvern skeleton (D:12)
  A water moccasin zombie (D:9)
  4 scorpions
  12 killer bees
  4 wights
  8 howler monkeys
  3 crimson imps
  2 centaur zombies
  A bullfrog zombie (D:6)
  2 quasits
  3 hounds
  3 jellies
  12 orc priests
  15 orc wizards
  Crazy Yiuf (D:3)
  4 bullfrog skeletons
  A centaur skeleton (D:8)
  Jessica (D:2)
  Ijyb (D:5)
  An iguana (D:9)
  12 worker ants
  Natasha (thrice) (D:2)
  A killer bee zombie (D:6)
  2 hound zombies
  5 gnolls
  A howler monkey zombie (D:2)
  15 adders
  2 howler monkey skeletons
  A shadow imp (D:9)
  2 oozes (D:3)
  2 adder zombies (D:6)
  2 worms
  4 dart slugs
  2 leopard geckos
  92 orcs
  6 bats
  3 giant cockroaches
  12 goblins
  8 hobgoblins
  21 jackals
  32 kobolds
  2 quokkas
  2 ball pythons
  3 frilled lizards
  A jackal skeleton (D:6)
  A leopard gecko skeleton (D:6)
  A quokka skeleton (D:6)
  10 rats
  A plant (Lair:1)
535 creatures vanquished.

Vanquished Creatures (others)
  2 two-headed ogres (D:11)
  A rime drake (Gauntlet)
  A leopard gecko (D:11)
  111 fungi
  59 plants
174 creatures vanquished.

Grand Total: 709 creatures vanquished

Notes
Turn   | Place    | Note
-------+----------+-------------------------------------------
     0 | D:1      | Jerry the Naga Fighter began the quest for the Orb.
     0 | D:1      | Reached XP level 1. HP: 21/21 MP: 1/1
   177 | D:1      | Reached XP level 2. HP: 18/28 MP: 2/2
   392 | D:1      | Reached XP level 3. HP: 34/34 MP: 3/3
  1164 | D:2      | Noticed Natasha
  1178 | D:2      | HP: 1/34 [Natasha (12)]
  1180 | D:2      | Killed Natasha
  1180 | D:2      | Reached skill level 3 in Long Blades
  1180 | D:2      | Reached XP level 4. HP: 2/42 MP: 4/4
  1635 | D:2      | Noticed Sigmund
  1793 | D:2      | Noticed Natasha
  1796 | D:2      | Killed Natasha
  1819 | D:2      | Noticed Natasha
  1822 | D:2      | Killed Natasha
  1822 | D:2      | Reached XP level 5. HP: 39/50 MP: 5/5
  1981 | D:2      | Noticed Jessica
  1992 | D:2      | Killed Jessica
  2333 | D:2      | Killed Sigmund
  2333 | D:2      | Reached skill level 4 in Long Blades
  2333 | D:2      | Reached XP level 6. HP: 53/57 MP: 6/6
  2536 | D:3      | Found a bloodstained altar of Trog.
  2601 | D:3      | Found a runed translucent door.
  2602 | D:3      | Noticed Crazy Yiuf
  2620 | D:3      | Killed Crazy Yiuf
  2620 | D:3      | Reached XP level 7. HP: 65/66 MP: 1/7
  2824 | D:3      | Reached skill level 5 in Long Blades
  3606 | D:4      | Found Icagig's Food Shop.
  3758 | D:4      | Found Esozxiaz's Antique Weapon Shop.
  4024 | D:4      | Noticed Menkaure
  4030 | D:4      | Gained mutation: Your magical capacity is low. (-10% MP)
                  | [potion of mutation]
  4030 | D:4      | Gained mutation: You can translocate small distances at
                  | will. [potion of mutation]
  4030 | D:4      | Gained mutation: Your mind is acute. (Int +2) [potion of
                  | mutation]
  4046 | D:4      | Killed Menkaure
  4046 | D:4      | Reached XP level 8. HP: 20/73 MP: 7/7
  4047 | D:4      | Lost mutation: Your mind is acute. (Int +2) [potion of
                  | mutation]
  4047 | D:4      | Lost mutation: Your magical capacity is low. (-10% MP)
                  | [potion of mutation]
  4047 | D:4      | Gained mutation: Your body sometimes deteriorates upon
                  | taking damage. [potion of mutation]
  4047 | D:4      | Gained mutation: You are robust. (+10% HP) [potion of
                  | mutation]
  4413 | D:4      | Reached skill level 5 in Fighting
  4413 | D:4      | Reached skill level 6 in Long Blades
  4660 | D:4      | Found a glowing golden altar of the Shining One.
  4684 | D:5      | Entered Level 5 of the Dungeon
  4920 | D:5      | Noticed Grinder
  4934 | D:5      | Killed Grinder
  5347 | D:5      | Noticed Ijyb
  5357 | D:5      | Killed Ijyb
  5653 | D:6      | Reached skill level 1 in Stealth
  5751 | D:5      | Reached skill level 7 in Long Blades
  5810 | D:6      | Noticed a death knight
  5978 | D:5      | Reached XP level 9. HP: 68/90 MP: 9/9
  6381 | D:6      | Reached skill level 5 in Shields
  6682 | D:7      | Reached skill level 8 in Long Blades
  6740 | D:7      | Found a flagged portal.
  6777 | Bailey   | Entered a bailey
  6824 | Bailey   | Noticed an orc warlord
  6906 | Bailey   | Reached skill level 5 in Stealth
  7013 | Bailey   | Found a runed translucent gate.
  7014 | Bailey   | Found a runed translucent gate.
  7016 | Bailey   | Found a runed translucent gate.
  7448 | Bailey   | Killed an orc warlord
  7448 | Bailey   | Reached skill level 9 in Long Blades
  7448 | Bailey   | Reached XP level 10. HP: 103/103 MP: 10/10
  7547 | Bailey   | Reached skill level 10 in Shields
  7547 | Bailey   | Reached XP level 11. HP: 110/110 MP: 11/11
  7561 | Bailey   | Identified a scroll of acquirement
  8344 | D:8      | Found a large runed translucent door.
  8346 | D:8      | Found a large runed translucent door.
  8352 | D:8      | Noticed Voldus's ghost (novice DDFi)
  8681 | D:8      | Reached skill level 1 in Dodging
  9479 | D:7      | Found a staircase to the Ecumenical Temple.
  9497 | Temple   | Entered the Ecumenical Temple
  9749 | Temple   | Became a worshipper of Gozag Ym Sagoz the Greedy
 10407 | D:8      | Noticed a two-headed ogre
 10419 | D:8      | Killed a two-headed ogre
 10438 | D:8      | Reached skill level 10 in Long Blades
 11768 | D:10     | Entered Level 10 of the Dungeon
 12354 | D:10     | Reached XP level 12. HP: 98/121 MP: 12/12
 12544 | D:10     | Found Byiriefoify's Antique Weapon Boutique.
 12551 | D:10     | Found a staircase to the Orcish Mines.
 13183 | D:10     | Noticed a two-headed ogre
 13718 | D:10     | Killed a two-headed ogre
 13718 | D:10     | Reached skill level 5 in Armour
 13806 | Orc:1    | Entered Level 1 of the Orcish Mines
 13806 | Orc:1    | Found Cupukhla's Assorted Antiques.
 13921 | D:10     | Reached skill level 11 in Long Blades
 14142 | D:11     | Killed a two-headed ogre
 14188 | D:11     | Killed a two-headed ogre
 14547 | D:11     | Found a staircase to the Lair.
 14633 | D:11     | Reached skill level 10 in Stealth
 15411 | D:11     | Noticed a seven-headed hydra
 15420 | D:11     | Noticed a four-headed hydra
 15445 | D:12     | Noticed a two-headed ogre
 15556 | D:12     | Found Yheluin's Gadget Boutique.
 15557 | D:12     | Noticed a two-headed ogre
 15583 | D:13     | Noticed an ogre mage
 15608 | D:13     | Killed an ogre mage
 15686 | D:13     | Noticed an ettin
 15687 | D:13     | Noticed a seven-headed hydra
 16029 | D:12     | Killed a two-headed ogre
 16031 | D:12     | Reached skill level 12 in Long Blades
 16037 | D:12     | Gained mutation: You can use your snake-like lower body to
                  | constrict enemies. [Naga growth]
 16037 | D:12     | Reached XP level 13. HP: 133/133 MP: 8/13
 16851 | D:12     | Found Buvin's Food Emporium.
 16856 | D:12     | Found Heifyofo's Gadget Shoppe.
 18845 | Orc:1    | Bought 3 scrolls of teleportation for 279 gold pieces
 19247 | Orc:1    | Found a roughly hewn altar of Beogh.
 19312 | Orc:1    | Reached skill level 5 in Dodging
 20067 | Lair:1   | Entered Level 1 of the Lair of Beasts
 20067 | Lair:1   | Found a gate leading to a gauntlet.
 20088 | Lair:1   | Bought a runed scimitar for 224 gold pieces
 20092 | Gauntlet | Entered a Gauntlet
 20092 | Gauntlet | Found a transporter.
 20101 | Gauntlet | Found a transporter.
 20118 | Gauntlet | Found a transporter.
 20121 | Gauntlet | Found a transporter.
 20128 | Gauntlet | Found a transporter.
 20144 | Gauntlet | Found a transporter.
 20151 | Gauntlet | Noticed a dire elephant
 20154 | Gauntlet | Found a transporter.
 20164 | Gauntlet | Found a transporter.
 20181 | Gauntlet | Found a transporter.
 20195 | Gauntlet | Found a transporter.
 20196 | Gauntlet | Found a transporter.
 20205 | Gauntlet | Found a transporter.
 20245 | Gauntlet | Found a runed translucent door.
 20249 | Gauntlet | Found a runed translucent door.
 20251 | Gauntlet | Found a transporter.
 20265 | Gauntlet | Found a transporter.
 20936 | Gauntlet | Got a scorched cloak
 20937 | Gauntlet | Identified the +2 cloak of the Moon {rF+ SInv Stlth+} (You
                  | found it in a Gauntlet)
 21152 | Gauntlet | Got an ichor-stained helmet
 21153 | Gauntlet | Identified the +3 helmet of Matuuno {rElec Int+5 Dex-3
                  | Stlth+} (You found it in a Gauntlet)
 21331 | Gauntlet | Identified the ring of Laodgh {Ice rPois MR+ Str+4 Dex-5}
 21331 | Gauntlet | Noticed a minotaur
 21358 | Gauntlet | Killed a minotaur
 21655 | Gauntlet | Got a slimy crystal plate armour
 21659 | Gauntlet | Identified the +7 crystal plate armour "Linup" {rF+ Dex+2}
                  | (You found it in a Gauntlet)
 21824 | Lair:1   | Reached skill level 13 in Long Blades
 22826 | Lair:1   | Reached skill level 10 in Fighting
 23306 | Lair:2   | Reached XP level 14. HP: 134/145 MP: 12/14
 23466 | Lair:2   | Found a hole to the Spider Nest.
 23957 | Lair:2   | Noticed a dire elephant
 24026 | Lair:2   | Killed a dire elephant
 24197 | Lair:2   | Reached skill level 14 in Long Blades
 25074 | Lair:2   | Mangled by a catoblepas

Levels and vault maps discovered:
D:1:      dpeg_arrival_chase, layout_loops_ring
D:2:      layout_basic, minmay_misc_feat_columns, uniq_jessica, uniq_sigmund,
          uniq_natasha
D:3:      layout_rooms, trog_book, uniq_crazy_yiuf_cottage
D:4:      layout_basic, tso_altar, serial_shops, kennysheep_mini_moat,
          nicolae_shop_overgrown_old_shop, minmay_misc_feat_room, uniq_menkaure
D:5:      layout_gridville, first_ration, hangedman_abyss_or_decor_stagger,
          uniq_ijyb, uniq_grinder
D:6:      layout_cave_pools, serial_undead, serial_undead_e, serial_undead_c,
          serial_undead_e, serial_undead_a, minmay_chambers_of_fives
D:7:      layout_cave_pods, minmay_temple_entry_mini_moons, enter_bailey_6
D:8:      layout_loops_corners, ebering_ghost_disaster_area
D:9:      layout_cross
D:10:     layout_irregular_city, david_orc_3, serial_shops,
          nicolae_shop_temple_entry_statues_fountains, grunt_tengu_nest
D:11:     layout_cave_pods, due_lair_maze_entry_diamond, minivault_27,
          lemuel_nasty_fountain
D:12:     layout_cave_pools, serial_shops, shop, shop, shop, nooodl_food_tri
D:13:     hourglass_vault, layout_loops_ring,
          hangedman_vaults_entry_quadrant_bands,
          portal_ice_cave_entry_ice_beasts
Temple:   compressed_dpeg_triangle_lava_temple
Lair:1:   layout_cave_shapes, gauntlet_entry_generic,
          infiniplex_staircase_pool_2, serial_bayou_shore_b,
          minmay_lair_oklob_chamber
Lair:2:   mu_elephants_graveyard, layout_chaotic_city, palyth_hydra_swamp_entry,
          nicolae_spider_entry_tight_spaces, serial_bayou_shore_b
Orc:1:    layout_caves, serial_shops, nicolae_shop_overgrown_old_shop,
          kennysheep_orc_chapel

Skill      XL: |  1  2  3  4  5  6  7  8  9 10 11 12 13 14 |
---------------+-------------------------------------------+-----
Long Blades    | 3 4 5 7 9 10 12 13 14 | 14.2
Armour         | 3 4 5 7 |  7.0
Shields        | 3 4 5 10 | 10.4
Fighting       | 4 5 7 8 9 10 | 10.0
Stealth        | 2 6 9 10 11 | 11.3
Dodging        | 2 4 6 7 |  7.0

Action                   |  1- 3 |  4- 6 |  7- 9 | 10-12 | 13-15 || total
-------------------------+-------+-------+-------+-------+-------++-------
Melee: Long sword        |    91 |   116 |   483 |  1054 |   924 ||  2668
       Constrict         |       |       |       |       |   122 ||   122
       Dagger            |       |       |       |       |    51 ||    51
       Whip              |       |       |       |       |     9 ||     9
 Fire: Hunting sling     |       |       |     4 |     6 |     7 ||    17
Throw: Boomerang         |       |       |    24 |       |       ||    24
Invok: Call Merchant     |       |       |       |       |     3 ||     3
 Abil: Spit Poison       |       |     3 |     1 |       |       ||     4
       Stop Flying       |       |       |       |     1 |       ||     1
       Blink             |       |       |       |     4 |     6 ||    10
Evoke: Wand              |       |       |     1 |     6 |       ||     7
  Use: Potion            |     1 |     1 |     8 |     4 |     4 ||    18
       Scroll            |       |       |    12 |    17 |    15 ||    44
 Stab: Sleeping          |       |       |     1 |     7 |     5 ||    13
       Distracted        |       |       |       |     6 |     8 ||    14
       Petrified         |       |       |       |       |    25 ||    25
       Petrifying        |       |       |       |       |     2 ||     2
  Eat: Chunk             |       |     4 |    14 |     6 |       ||    24
       Ration            |       |       |     2 |     7 |     8 ||    17
Armor: Leather armour    |    35 |    86 |   448 |   427 |   410 ||  1406
       Skin              |       |       |       |    12 |     9 ||    21
       Robe              |       |       |       |       |     4 ||     4
Dodge: Dodged            |    23 |    45 |   264 |   268 |   308 ||   908
Block: Shield            |    43 |    15 |       |   606 |   515 ||  1179
       Rpst.: Long sword |     9 |    14 |    92 |    69 |    60 ||   244
